 Dungeon Crawl Stone Soup version 0.25.1-2-g60ff931df9 (webtiles) character file.

Game seed: 16576371489787184103

6916 nicanaca0 the Cleaver (level 10, -1/93 HPs)
             Began as a Minotaur Berserker on Sept 29, 2020.
             Was an Elder of Trog.
             Slain by a troll (4 damage)
             ... on level 12 of the Dungeon.
             The game lasted 00:18:21 (10091 turns).

nicanaca0 the Cleaver (Minotaur Berserker)         Turns: 10091, Time: 00:18:22

Health: -1/93      AC: 11    Str: 20 (22) XL:     10   Next: 79%
Magic:  9/9        EV:  8    Int:  5 (7)  God:    Trog [****..]
Gold:   529        SH:  0    Dex: 10      Spells: 9/9 levels left

rFire    . . .     SeeInvis .   x - +2 whip (elec)
rCold    . . .     Gourm    .   (no shield)
rNeg     + . .     Faith    .   q - +0 chain mail
rPois    .         Spirit   .   (helmet restricted)
rElec    .         Reflect  .   (no cloak)
rCorr    .         Harm     .   (no gloves)
MR       ++++.     Clarity  +   (no boots)
Stlth    ..........             w - amulet of the Four Winds {rN+ MR+++ Clar}
HPRegen  0.25/turn              t - ring of flight
MPRegen  0.11/turn              N - ring of protection from magic

@: no status effects
A: retaliatory headbutt, horns 2
a: Berserk, Trog's Hand, Brothers in Arms, Renounce Religion, Evoke Flight


You were on level 12 of the Dungeon.
You worshipped Trog.
Trog was greatly pleased with you.
You were not hungry.

You visited 1 branch of the dungeon, and saw 11 of its levels.
You also visited: Ossuary.

You collected 529 gold pieces.

Inventory:

Hand Weapons
 a - a +0 hand axe
 i - a +4 dire flail of draining
 u - a +0 whip of draining
 x - a +2 whip of electrocution (weapon)
 M - a +2 trident
 P - a +0 war axe
Missiles
 d - 76 bolts
 m - 166 arrows
 o - 12 boomerangs (quivered)
 z - 2 javelins
Armour
 q - a +0 chain mail (worn)
Jewellery
 l - an uncursed amulet of the acrobat
 t - a ring of flight (left hand)
 w - the amulet of the Four Winds (around neck) {rN+ MR+++ Clar}
   (You found it on level 5 of the Dungeon)

   [amulet of nothing]

   It protects you from negative energy.
   It affects your resistance to hostile enchantments.
   It protects you against confusion.
 y - the ring "Daokeg" {rPois rN+++ MP+9 Str-2 Int-4}
   (You took it off a centaur on level 5 of the Dungeon)

   [ring of magical power]

   It affects your strength (-2).
   It affects your intelligence (-4).
   It protects you from poison.
   It renders you almost immune to negative energy.
   It affects your magic capacity (+9).
 N - a ring of protection from magic (right hand)
Wands
 e - a wand of iceblast (13)
 L - a wand of paralysis (3)
 O - a wand of polymorph (8)
Scrolls
 b - a scroll of magic mapping
 g - a scroll of identify
 h - 3 scrolls of enchant weapon
 j - 2 scrolls of fog
 k - 2 scrolls of fear
 n - 2 scrolls of blinking {unknown}
 p - 5 scrolls of teleportation
 r - 5 scrolls of remove curse
 B - a scroll of enchant armour {unknown}
 E - a scroll of amnesia {unknown}
 H - a scroll of noise {unknown}
 J - a scroll of immolation {unknown}
Potions
 f - a potion of heal wounds
 s - a potion of might
 v - 5 potions of flight
 A - 2 potions of lignification
 C - 2 potions of degeneration
 D - a potion of cancellation {unknown}
 F - 2 potions of resistance
 G - a potion of mutation
 I - a potion of berserk rage {unknown}
Comestibles
 c - 18 rations


   Skills:
 + Level 10.1 Fighting
 * Level 14.4 Axes
 + Level 9.7 Armour
 - Level 2.1 Dodging


You had 9 spell levels left.
You didn't know any spells.
Your spell library was empty.

Dungeon Overview and Level Annotations

Branches:
Dungeon (12/15)            Temple (0/1) D:4            Lair (0/6) D:9
    Orc (0/2) D:9         Ossuary (visited)

Altars:
Elyvilon
Hepliaklqana
Kikubaaqudgha
Makhleb
Nemelex Xobeh
Qazlal
Trog
Uskayaw
Yredelemnul
Zin

Shops:
D:5 *   D:7 (   D:12 %

Annotations:
D:3 1 runed translucent door
D:7 3 runed translucent doors, Jaiteiro's ghost, novice CeWr


Innate Abilities, Weirdness & Mutations

You reflexively headbutt those who attack you in melee.
You have a pair of horns on your head.


Message History

The troll is lightly wounded.
You hit the troll.
The troll is lightly wounded.
The troll bites you.
* * * LOW HITPOINT WARNING * * *
The troll barely misses you. x2
You hit the troll.
The troll is moderately wounded.
The troll closely misses you. The troll claws you but does no damage.
The troll claws you!
* * * LOW HITPOINT WARNING * * *
You hit the troll. You headbutt the troll.
The troll is moderately wounded.
You hit the troll.
The troll is heavily wounded.
The troll barely misses you. You furiously retaliate!
You headbutt the troll! The troll claws you!
* * * LOW HITPOINT WARNING * * *
The troll claws you.
You die...

#.# #.# #.# # #.#
.# #.### ###.###
#...# #.....# #
###.# #.# #.# #.#
#T# .. #.# #@###.#
#.# #[....#
#####.####.####
########..........#
#.....)..###.######
#.######.# #.# #.#
#.# #.# #.# #.# #.#
#.# #.. ...


You could see a troll.

Vanquished Creatures
  Harold (D:7)
  A two-headed ogre (D:12)
  Pikel (D:5)
  An ugly thing (D:12)
  A manticore (D:12)
  Grinder (D:4)
  2 hippogriffs
  A spriggan (D:7)
  Edmund (D:4)
  A hungry ghost (D:9)
  A two-headed ogre zombie (D:9)
  2 black bears
  An ice beast (D:7)
  3 sky beasts
  3 ogres
  2 phantoms (D:9)
  4 centaurs
  6 bullfrogs
  2 scorpions
  A troll zombie (D:9)
  6 wights
  2 howler monkeys (D:8)
  5 crimson imps
  The ghost of Farlane the Firebug, a weakling DEFE (D:3)
  5 hounds
  5 orc priests
  4 orc wizards
  Ijyb (D:4)
  2 iguanas
  4 worker ants
  An ogre zombie (D:9)
  12 mummies (Ossuary)
  6 adders
  A river rat (D:3)
  3 shadow imps
  An adder skeleton (D:4)
  3 worms
  9 leopard geckos
  28 orcs
  2 ball pythons
  2 giant cockroaches
  7 goblins
  3 hobgoblins (D:1)
  11 jackals
  4 quokkas
  4 bats
  9 frilled lizards
  3 gnoll skeletons (Ossuary)
  A goblin skeleton (D:9)
  A goblin zombie (D:9)
  2 hobgoblin zombies (D:9)
  A kobold (D:3)
  2 kobold skeletons (Ossuary)
  A leopard gecko skeleton (D:6)
  5 orc skeletons
  5 orc zombies (D:9)
  A quokka zombie (D:8)
  7 rats
  11 rat skeletons (Ossuary)
217 creatures vanquished.

Notes
Turn   | Place    | Note
-------+----------+-------------------------------------------
     0 | D:1      | nicanaca0 the Minotaur Berserker began the quest for the
                  | Orb.
     0 | D:1      | Reached XP level 1. HP: 19/19 MP: 0/0
    96 | D:1      | Reached skill level 4 in Axes
   254 | D:1      | Reached XP level 2. HP: 26/26 MP: 1/1
   628 | D:1      | Reached ** piety under Trog
   628 | D:1      | Reached skill level 5 in Axes
  1201 | D:2      | Reached XP level 3. HP: 31/31 MP: 2/2
  1388 | D:2      | Found a basalt altar of Yredelemnul.
  1388 | D:2      | Found a white marble altar of Elyvilon.
  1394 | D:2      | Found a faded altar of an unknown god.
  1396 | D:2      | Found an ancient bone altar of Kikubaaqudgha.
  1397 | D:2      | Found a faded altar of an unknown god.
  1958 | D:3      | Found a runed translucent door.
  1978 | D:3      | HP: 1/31 [orc (5)]
  1995 | D:3      | Reached skill level 6 in Axes
  1995 | D:3      | Reached XP level 4. HP: 20/39 MP: 3/3
  2253 | D:3      | Found a runed translucent door.
  2272 | D:3      | Noticed a cacodemon
  2273 | D:3      | Found a burning altar of Makhleb.
  2293 | D:3      | Noticed Farlane's ghost (weakling DEFE)
  2312 | D:3      | Found a glowing silver altar of Zin.
  2312 | D:3      | Noticed an angel
  2352 | D:3      | Killed Farlane's ghost
  2352 | D:3      | Reached XP level 5. HP: 45/45 MP: 4/4
  2359 | D:3      | Reached skill level 7 in Axes
  3410 | D:4      | Found a staircase to the Ecumenical Temple.
  3414 | D:4      | Noticed Grinder
  3428 | D:4      | Killed Grinder
  3428 | D:4      | Reached skill level 8 in Axes
  3428 | D:4      | Reached XP level 6. HP: 21/53 MP: 5/5
  3601 | D:4      | Found a bloodstained altar of Trog.
  3842 | D:4      | Noticed Edmund
  3857 | D:4      | Killed Edmund
  3857 | D:4      | Reached XP level 7. HP: 52/60 MP: 6/6
  4043 | D:4      | Reached skill level 5 in Fighting
  4043 | D:4      | Reached skill level 9 in Axes
  4236 | D:4      | Noticed Ijyb
  4247 | D:4      | Killed Ijyb
  4648 | D:5      | Entered Level 5 of the Dungeon
  4657 | D:5      | Found a stormy altar of Qazlal.
  4659 | D:5      | Noticed an air elemental
  4660 | D:5      | Noticed a water elemental
  4660 | D:5      | Noticed a fire elemental
  4749 | D:5      | Found the amulet of the Four Winds {rN+ MR+++ Clar}
  4811 | D:5      | Found Hifulair's General Store.
  4851 | D:5      | Noticed Pikel
  4881 | D:5      | Killed Pikel
  4881 | D:5      | Reached skill level 10 in Axes
  4881 | D:5      | Reached skill level 5 in Armour
  4881 | D:5      | Reached XP level 8. HP: 30/71 MP: 7/7
  5337 | D:5      | Identified the ring "Daokeg" {rPois rN+++ MP+9 Str-2 Int-4}
  5865 | D:6      | Reached skill level 11 in Axes
  5946 | D:6      | Reached *** piety under Trog
  6340 | D:7      | Found a sparkling altar of Nemelex Xobeh.
  6369 | D:7      | Found a sand-covered staircase.
  6375 | Ossuary  | Entered an ossuary
  6595 | Ossuary  | Reached XP level 9. HP: 72/79 MP: 8/8
  6829 | D:7      | Noticed Harold
  6859 | D:7      | Killed Harold
  6859 | D:7      | Reached skill level 12 in Axes
  7151 | D:7      | Found Ryna's Antique Weapon Shoppe.
  7153 | D:7      | Found a hazy altar of Hepliaklqana.
  7320 | D:7      | Reached **** piety under Trog
  7493 | D:7      | Found a runed translucent gate.
  7493 | D:7      | Found a runed translucent gate.
  7493 | D:7      | Found a runed translucent gate.
  7493 | D:7      | Noticed Jaiteiro's ghost (novice CeWr)
  7740 | D:8      | Reached skill level 13 in Axes
  7867 | D:8      | Reached XP level 10. HP: 90/90 MP: 9/9
  8470 | D:8      | Found a hide-covered altar of Uskayaw.
  8734 | D:9      | Found a staircase to the Lair.
  9056 | D:9      | Found a staircase to the Orcish Mines.
  9119 | D:9      | Paralysed by fainting for 10 turns
  9149 | D:9      | You fall into a shaft and drop 3 floors!
  9192 | D:12     | Noticed a manticore
  9198 | D:12     | Killed a manticore
  9314 | D:12     | Found Tangau's Food Shop.
  9319 | D:12     | Noticed a brown ugly thing
  9346 | D:12     | Killed a brown ugly thing
  9346 | D:12     | Reached skill level 14 in Axes
  9445 | D:11     | Noticed a two-headed ogre
  9738 | D:12     | Killed a two-headed ogre
  9738 | D:12     | Reached skill level 10 in Fighting
 10091 | D:12     | HP: 3/93 [troll (7)]
 10091 | D:12     | Slain by a troll

Illustrated notes

Levels and vault maps discovered:
D:1:      wander_arrival_lonely_grave, layout_basic, minmay_pentomino_w2
D:2:      layout_loops_corners, chequers_temple_overflow_minitemple,
          first_ration, guppyfry_early_lair_pool
D:3:      layout_rooms, grunt_temple_overflow_order_and_chaos_2,
          ebering_ghost_sewer_f
D:4:      layout_rooms, bloody_trog, minmay_temple_entry_stoned_glass,
          st_stairs_13, kennysheep_generic_room_4, uniq_grinder, uniq_ijyb,
          uniq_edmund
D:5:      layout_gridville, nicolae_qazlal_style_of_elements, serial_shops,
          nicolae_shop_competitors_out_of_business, uniq_pikel
D:6:      layout_basic, kennysheep_nondescript
D:7:      layout_rooms, nicolae_overflow_hidden_temple, lemuel_crystal_altar,
          gammafunk_ghost_necromancy, serial_shops, shop,
          nicolae_ossuary_entry_plus, the_bakery, chequers_serial_rivers_room_a,
          uniq_harold
D:8:      layout_rooms, eat_drink_and_be_merry_uskayaw
D:9:      layout_grid_maze, dpeg_oklobed_lair, zombieorc2_lemuel
D:11:     layout_big_octagon, uniq_psyche, uniq_josephine
D:12:     layout_loops_ring, serial_shops, shop_statue, nicolae_blasting_shop,
          minmay_fractal_squares_5

Skill      XL: |  1  2  3  4  5  6  7  8  9 10 |
---------------+-------------------------------+-----
Axes           | 4 5 6 8 10 11 13 14 | 14.4
Fighting       | 4 6 7 8 10 | 10.1
Armour         | 3 5 6 8 9 |  9.7
Dodging        | |  2.1

Action                   |  1- 3 |  4- 6 |  7- 9 | 10-12 || total
-------------------------+-------+-------+-------+-------++-------
Melee: Hand axe          |    70 |    99 |    40 |       ||   209
       Headbutt          |     6 |    17 |    54 |    49 ||   126
       Dire flail        |       |       |    26 |       ||    26
       Whip              |       |       |   183 |   213 ||   396
Invok: Trog's Hand       |     1 |     2 |     3 |     2 ||     8
       Berserk           |     1 |     1 |     1 |       ||     3
Evoke: Wand              |       |       |       |     6 ||     6
  Use: Potion            |     2 |     4 |     1 |     2 ||     9
       Scroll            |       |       |     8 |     2 ||    10
 Stab: Invisible         |       |     2 |       |       ||     2
       Paralysed         |       |       |       |     5 ||     5
  Eat: Chunk             |     3 |     5 |     9 |     6 ||    23
       Ration            |       |     1 |     2 |     1 ||     4
Armor: Animal skin       |     9 |       |       |       ||     9
       Leather armour    |    12 |     8 |       |       ||    20
       Ring mail         |       |     5 |       |       ||     5
       Chain mail        |       |       |   108 |   131 ||   239
Dodge: Dodged            |    58 |    51 |    88 |   101 ||   298
